 Dungeon Crawl Stone Soup version 0.25.1-9-gc5326a611f (webtiles) character file.

Game seed: 18033281560247727924

53 H0rd4k the Magician (level 3, 0/19 HPs)
             Began as a Deep Elf Wizard on Jan 14, 2021.
             Slain by a jackal (1 damage)
             ... on level 2 of the Dungeon.
             The game lasted 00:02:22 (1826 turns).

H0rd4k the Magician (Deep Elf Wizard)               Turns: 1826, Time: 00:02:22

Health: 0/19       AC:  2    Str:  4    XL:     3   Next: 64%
Magic:  3/12       EV: 13    Int: 23    God:
Gold:   27         SH:  0    Dex: 13    Spells: 4/13 levels left

rFire    . . .     SeeInvis .   (no weapon)
rCold    . . .     Gourm    .   (no shield)
rNeg     . . .     Faith    .   a - +0 robe
rPois    .         Spirit   .   b - +0 hat
rElec    .         Reflect  .   (no cloak)
rCorr    .         Harm     .   (no gloves)
MR       .....                  (no boots)
Stlth    ++........             (no amulet)
HPRegen  0.06/turn              (no ring)
MPRegen  0.13/turn              (no ring)

@: very slightly contaminated
A: no striking features
a: no special abilities


You were on level 2 of the Dungeon.
You were near starving.

You visited 1 branch of the dungeon, and saw 3 of its levels.

You collected 27 gold pieces.

Inventory:

Missiles
 f - 15 poisoned darts (quivered)
Armour
 a - a +0 robe (worn)
 b - a +0 hat (worn)
Jewellery
 g - a cursed -4 ring of evasion {unknown}
Scrolls
 c - a scroll of random uselessness {unknown}
 e - a scroll of identify {unknown}
Comestibles
 d - 3 rations


   Skills:
 + Level 2.6 Dodging
 + Level 2.9 Stealth
 + Level 5.5 Spellcasting
 + Level 1.4 Conjurations
   Level 1.1 Summonings
 + Level 1.1 Translocations
 * Level 0.5 Fire Magic
 * Level 1.0 Air Magic
 * Level 0.4 Poison Magic


You had 4 spell levels left.
You knew the following spells:

 Your Spells              Type           Power        Failure   Level  Hunger
a - Magic Dart            Conj           ##..         4%          1    None
b - Blink                 Tloc           N/A          9%          2    None
c - Conjure Flame         Conj/Fire      ##......     19%         3    ##.....
d - Mephitic Cloud        Conj/Pois/Air  ##......     19%         3    ##.....

Your spell library contained the following spells:

 Spells                   Type           Power        Failure   Level  Hunger
 Call Imp                 Summ           ##......     9%          2    None
 Slow                     Hex            #.......     14%         2    None


Dungeon Overview and Level Annotations

Branches:
Dungeon (3/15)

Altars:


Message History

There is an open door here.
The jackal misses you.
You are near starving!
The jackal bites you but does no damage.
There is a stone staircase leading down here.
The jackal misses you.
The jackal bites you but does no damage.
You climb downwards.
There is a stone staircase leading up here.
The jackal barely misses you. The jackal closely misses you.
The jackal bites you.
* * * LOW HITPOINT WARNING * * *
You climb upwards.
There is a stone staircase leading down here.
The jackal bites you.
* * * LOW HITPOINT WARNING * * *
The jackal misses you. x2
The jackal misses you. The jackal bites you.
You die...

.........# h........#
.........# .........#
.........# .........# #####
.........########...##
.........†......@h..>#######
.........##.#####h..........
.........##.# #.........##
##.[#######.# #.........# #.
#.# ####'###### # #.# #.# #
#.# #.############ . #.#
#.##.........# #### #.#
####'##.#######.#


You could see 2 jackals.

Vanquished Creatures
  2 adders (D:2)
  2 dart slugs
  A leopard gecko (D:2)
  4 goblins
  6 jackals (D:2)
  4 kobolds
  6 bats (D:1)
  2 frilled lizards (D:1)
27 creatures vanquished.

Notes
Turn   | Place    | Note
-------+----------+-------------------------------------------
     0 | D:1      | H0rd4k the Deep Elf Wizard began the quest for the Orb.
     0 | D:1      | Reached XP level 1. HP: 10/10 MP: 7/7
   282 | D:1      | Reached skill level 5 in Spellcasting
   282 | D:1      | Reached XP level 2. HP: 15/15 MP: 7/10
  1187 | D:2      | Reached XP level 3. HP: 19/19 MP: 5/11
  1192 | D:2      | Learned a level 2 spell: Blink
  1196 | D:2      | Learned a level 3 spell: Conjure Flame
  1200 | D:2      | Learned a level 3 spell: Mephitic Cloud
  1473 | D:2      | Reached skill level 1 in Air Magic
  1826 | D:2      | Slain by a jackal

Illustrated notes

Levels and vault maps discovered:
D:1:      mrwooster_arrival_statue, layout_loops_corners, solitary_fountain
D:2:      layout_basic, corexii_shack, fedhas_altar_4
D:3:      layout_loops_ring, marbit_many_paths, lemuel_coloured_pillars_altar,
          gammafunk_temple_overflow_pools, corexii_shack, hex_tiny

Skill      XL: |  1  2  3 |
---------------+----------+-----
Spellcasting   | 5 |  5.5
Air Magic      | 1 |  1.0
Dodging        | |  2.6
Stealth        | |  2.9
Conjurations   | |  1.4
Summonings     | |  1.1
Translocations | |  1.1
Fire Magic     | |  0.5
Poison Magic   | |  0.4

Action                   || total
-------------------------++-------
Melee: Unarmed           ||     4
 Cast: Magic Dart        ||    78
  Eat: Chunk             ||     1
Armor: Robe              ||     6
Dodge: Dodged            ||    29
